Description

i upload this for use my self

https://gall.dcinside.com/mgallery/board/view/?id=sc2&no=1147077&exception_mode=recommend&page=1

if you want analyze, get the link and use translator text of link is not mine

Replay - herO v Oliveira: Game 1 - [ESL] Altitude

Build Order

Get SALT Encoding   

  12  0:00  SCV  
  13  0:12  SCV  
  14  0:17  Supply Depot  
  14  0:24  SCV  
  15  0:39  SCV  
  15  0:41  Barracks  
  16  0:45  Refinery  
  16  0:51  SCV  
  17  1:03  SCV  
  18  1:15  SCV  
  19  1:28  Orbital Command  
  19  1:29  Reaper  
  20  1:41  Command Center  
  20  1:53  SCV  
  21  1:55  Supply Depot  
  21  2:01  Marine  
  21  2:05  SCV  
  21  2:08  Factory  
  23  2:18  SCV  
  23  2:20  Bunker  
  24  2:24  Barracks Reactor  
  24  2:30  Barracks, SCV  
  25  2:43  SCV  
  26  2:47  Refinery  
  26  2:52  Factory Tech Lab  
  26  2:55  Orbital Command  
  26  2:56  SCV  
  27  3:01  Marine x2  
  29  3:08  SCV  
  29  3:12  Cyclone  
  33  3:18  Barracks Tech Lab  
  33  3:19  Marine x2  
  34  3:20  SCV  
  34  3:23  SCV  
  36  3:33  SCV  
  37  3:34  Supply Depot  
  37  3:35  SCV  
  37  3:37  Stimpack  
  37  3:40  Marine  
  39  3:42  Marine  
  39  3:43  Marine  
  39  3:46  SCV  
  39  3:47  SCV  
  43  3:54  Engineering Bay  
  43  3:59  Marine, SCV  
  43  4:00  SCV  
  45  4:08  Barracks  
  45  4:11  Marine  
  45  4:12  Supply Depot, SCV  
  45  4:13  SCV  
  48  4:17  Marine x2  
  48  4:22  Terran Infantry Weapons Level 1  
  48  4:24  SCV  
  51  4:25  SCV  
  51  4:29  Marine  
  53  4:34  Supply Depot  
  53  4:35  Marine  
  53  4:36  SCV  
  53  4:37  SCV  
  56  4:39  Starport  
  56  4:40  Factory Reactor  
  56  4:41  Marine  
  57  4:46  Marine  
  57  4:48  SCV  
  57  4:49  Refinery, SCV  
  57  4:52  Supply Depot  
  60  4:53  Marine  
  60  4:55  Combat Shield  
  60  4:56  Marine  
  60  4:59  Marine  
  63  5:00  SCV  
  63  5:03  SCV  
  63  5:05  Supply Depot  
  65  5:08  Marine  
  65  5:11  Marauder  
  65  5:13  SCV  
  69  5:14  Marauder  
  69  5:15  SCV  
  72  5:22  Medivac x2  
  72  5:25  Marine, Factory Tech Lab  
  72  5:26  Refinery  
  77  5:28  Supply Depot  
  77  5:29  SCV  
  77  5:30  SCV  
  77  5:33  Marine  
  80  5:37  Marauder  
  80  5:41  SCV  
  83  5:43  Marine  
  83  5:48  Missile Turret  
  83  5:49  SCV  
  84  5:50  Missile Turret, Marine  
  84  5:53  SCV  
  84  5:54  Marauder  
  85  5:58  Siege Tank  
  85  6:01  Marine x2  
  85  6:02  SCV  
  91  6:09  Marine  
  91  6:11  Supply Depot  
  91  6:12  Supply Depot  
  91  6:15  Marauder  
  89  6:19  Marine, Marauder  
  89  6:23  SCV x2  
  90  6:27  Marine  
  89  6:35  SCV  
  89  6:36  SCV, Marauder  
  89  6:37  Marine  
  89  6:41  Marine  
  89  6:45  Marine  
  90  6:47  SCV  
  86  6:55  Marine  
  86  6:58  SCV, Marauder  
  86  6:59  Marine  
  85  7:03  Marine  
  85  7:12  SCV  
  85  7:15  SCV  
Spawning Tool Build Advisor. Get it on Overwolf

Go to:

Details

  • Created by: 助手くん
  • Published on: Feb 14, 2023
  • Modified on: Feb 14, 2023
  • Patch: 5.0.11
  • Difficulty: Medium
Show
View Real Time Build Order
Export as new Build Order

Comments (0)

There are no comments. Be the first!

Create an account to comment!